 Dungeon Crawl Stone Soup version 0.30.1-1-g62c8e00024 (webtiles) character file.

Game seed: 15099811179763027597

157007 javelincjr the Summoner (level 17, -9/127 HPs)
             Began as a Demonspawn Summoner on July 14, 2023.
             Was a High Priest of Sif Muna.
             Mangled by a ghostly deep elf blademaster
             ... wielding a +3 short sword of holy wrath
              (23 damage)
             ... on level 3 of the Elven Halls on July 17, 2023.
             The game lasted 03:48:11 (31458 turns).

javelincjr the Summoner (Demonspawn Summoner)      Turns: 31458, Time: 03:48:12

Health: -9/127     AC: 32    Str: 19    XL:     17   Next: 11%
Magic:  16/34      EV: 19    Int: 22    God:    Sif Muna [*****.]
Gold:   2354       SH: 12    Dex: 12    Spells: 12/42 levels left

rFire   + + .        C - +9 trident "Memu" {heavy, rF++ rC++ Will-}
rCold   + + +        I - +2 kite shield
rNeg    + + +        j - +7 Cigotuvi's embrace {Corpsefed rMiasma Drain rN+}
rPois   .            q - +2 helmet
rElec   +            N - +2 cloak
rCorr   .            (gloves unavailable)
SInv    .            Q - +2 pair of boots "Xuure" {Will+ Str+8}
Will    +....        b - amulet of the King {Rampage rC+++ rN++ Regen+ Dex-2}
Stlth   +++          T - ring "Suguuheg" {rElec rC+}
HPRegen 1.21/turn    p - +5 ring of evasion
MPRegen 0.24/turn

%: rampage
@: sanguine armoured
A: claws 3, icemail 1, spiny 2, sanguine armour 3, condensation shield
a: Renounce Religion, Channel Magic, Forget Spell, Divine Exegesis


You were on level 3 of the Elven Halls.
You worshipped Sif Muna.
Sif Muna was extremely pleased with you.
You visited 5 branches of the dungeon, and saw 24 of its levels.
You visited the Abyss 1 time.
You also visited: Trove and Ice Cave.

You collected 2543 gold pieces.
You spent 189 gold pieces at shops.

Inventory:

Hand Weapons
 i - the +6 spear of Lamo {flame, +Blink Fly rF+ Will+ Dex-2}
   (You found it on level 2 of the Elven Halls)

   Dex:       It affects your dexterity (-2).
   rF:        It protects you from fire.
   Fly:       It grants you flight.
   +Blink:    It lets you blink.
   Will:      It increases your willpower.
 C - the +9 trident "Memu" (weapon) {heavy, rF++ rC++ Will-}
   (You found it on level 6 of the Dungeon)

   rF:        It greatly protects you from fire.
   rC:        It greatly protects you from cold.
   Will:      It decreases your willpower.
Missiles
 y - 5 silver boomerangs
Armour
 j - the +7 Cigotuvi's embrace (worn) {Corpsefed rMiasma Drain rN+}
   (You found it on level 4 of the Lair of Beasts)

   Corpsefed: It gathers nearby corpses to temporarily increase the armour it
   provides.
   rMiasma:   It protects you from foul pestilence.
   rN:        It protects you from negative energy.
   Drain:     It drains your maximum health when unequipped.
 o - a +1 robe of positive energy
 q - a +2 helmet (worn)
 G - the +3 leather armour "Hurrugis" {rCorr Str-4 Int+8}
   (You found it on level 7 of the Dungeon)

   Str:       It affects your strength (-4).
   Int:       It affects your intelligence (+8).
   rCorr:     It protects you from acid and corrosion.
 I - a +2 kite shield (worn)
 N - a +2 cloak (worn)
 Q - the +2 pair of boots "Xuure" (worn) {Will+ Str+8}
   (You found it on level 9 of the Dungeon)

   Str:       It affects your strength (+8).
   Will:      It increases your willpower.
 Y - the +2 leather armour of Wifuton {rPois Str+2 Int+2}
   (You found it in an ice cave)

   Str:       It affects your strength (+2).
   Int:       It affects your intelligence (+2).
   rPois:     It protects you from poison.
Jewellery
 a - the amulet of the Will of the Gods {Regen+ Str+5}
   (You found it in a treasure trove)

   [amulet of regeneration]

   Str:       It affects your strength (+5).
   Regen:     It increases your rate of health regeneration.
 b - the amulet of the King (around neck) {Rampage rC+++ rN++ Regen+ Dex-2}
   (You found it in a treasure trove)

   [amulet of regeneration]

   Dex:       It affects your dexterity (-2).
   rC:        It renders you almost immune to cold.
   rN:        It greatly protects you from negative energy.
   Regen:     It increases your rate of health regeneration.
   Rampage:   It bestows one free step when moving towards enemies.
 c - a ring of flight
 p - a +5 ring of evasion (right claw)
 R - a ring of poison resistance
 T - the ring "Suguuheg" (left claw) {rElec rC+}
   (You found it in an ice cave)

   [ring of protection from cold]

   rC:        It protects you from cold.
   rElec:     It insulates you from electricity.
 X - an amulet of reflection
Wands
 F - a wand of flame (58)
 J - a wand of quicksilver (14)
 K - a wand of paralysis (4)
 O - a wand of digging (5)
 P - a wand of iceblast (16)
 W - a wand of mindburst (3)
Scrolls
 h - 5 scrolls of poison
 k - 4 scrolls of blinking
 m - 14 scrolls of teleportation
 n - 2 scrolls of enchant armour
 r - 4 scrolls of immolation
 s - 2 scrolls of fear
 u - 3 scrolls of magic mapping
 v - a scroll of brand weapon
 z - 2 scrolls of fog
 E - 11 scrolls of vulnerability
 H - 2 scrolls of torment
 L - 2 scrolls of amnesia
 V - 3 scrolls of enchant weapon
Potions
 d - 12 potions of curing
 e - a potion of haste
 f - 2 potions of lignification
 g - 6 potions of brilliance
 l - 8 potions of flight
 w - 2 potions of heal wounds
 x - 3 potions of cancellation
 A - 2 potions of magic
 B - 2 potions of might {unknown}
 M - 2 potions of resistance
 U - 4 potions of mutation
 Z - 2 potions of experience {unknown}
Miscellaneous
 t - a lightning rod (4/4)


   Skills:
 + Level 9.9 Fighting
 * Level 11.9 Polearms
 + Level 7.4 Armour
 + Level 9.4 Dodging
 - Level 5.9 Stealth
 + Level 7.3 Shields
 * Level 13.0 Spellcasting
 * Level 14.5 Summonings
 + Level 6.1 Fire Magic
 + Level 11.9 Invocations


You had 12 spell levels left.
You knew the following spells:

 Your Spells              Type           Power      Damage    Failure   Level
a - Summon Cactus Giant   Summ           33%        N/A       4%          6
b - Call Imp              Summ           100%       N/A       1%          2
c - Call Canine Familiar  Summ           67%        N/A       1%          3
d - Summon Lightning Spi  Summ/Air       46%        N/A       5%          4
e - Summon Guardian Gole  Hex/Summ       46%        N/A       1%          3
f - Sticky Flame          Conj/Fire      27%        2d5       32%         4
g - Scorch                Fire           82%        2d8       1%          2
h - Blink                 Tloc           28%        N/A       17%         2
i - Summon Ice Beast      Ice/Summ       46%        N/A       5%          4

Your spell library contained the following spells:

 Spells                   Type           Power      Damage    Failure   Level
 Summon Small Mammal      Summ           100%       N/A       1%          1
 Foxfire                  Conj/Fire      100%       2x1d9     3%          1
 Inner Flame              Hex/Fire       27%        N/A       10%         3
 Volatile Blastmotes      Fire/Tloc      54%        2d14      10%         3
 Apportation              Tloc           28%        N/A       11%         1
 Beastly Appendage        Tmut           28%        N/A       11%         1
 Kiss of Death            Conj/Necr      56%        2d9       11%         1
 Necrotise                Necr           56%        1d6       11%         1
 Shock                    Conj/Air       56%        1d6       11%         1
 Ignite Poison            Fire/Tmut/Pois 23%        N/A       14%         3
 Summon Mana Viper        Hex/Summ       46%        N/A       16%         5
 Cigotuvi's Dreadful Rot  Necr/Pois/Air  28%        N/A       17%         2
 Poisonous Vapours        Pois/Air       28%        N/A       17%         2
 Searing Ray              Conj           28%        2d5       17%         2
 Static Discharge         Conj/Air       28%        2-4/arc   17%         2
 Monstrous Menagerie      Summ           33%        N/A       24%         7
 Dazzling Flash           Conj/Hex       28%        N/A       32%         3
 Hailstorm                Conj/Ice       14%        3d5       32%         3
 Mephitic Cloud           Conj/Pois/Air  14%        N/A       32%         3
 Ozocubu's Armour         Ice            14%        N/A       32%         3
 Vampiric Draining        Necr           14%        2d7       32%         3
 Flame Wave               Conj/Fire      27%        2d9       32%         4
 Airstrike                Air            7%         2d(1-17)  73%         4
 Dispel Undead            Necr           14%        3d10      73%         4
 Fulminant Prism          Conj/Hex       7%         3d6       73%         4
 Iskenderun's Mystic Bla  Conj/Tloc      14%        2d5       73%         4
 Leda's Liquefaction      Hex/Erth       7%         N/A       73%         4
 Manifold Assault         Tloc           14%        N/A       73%         4
 Petrify                  Tmut/Erth      14%        N/A       73%         4
 Summon Horrible Things   Summ           33%        N/A       88%         8
 Arcjolt                  Conj/Air       7%         1d17      97%         5
 Freezing Cloud           Conj/Ice/Air   7%         6-21      97%         5
 Irradiate                Conj/Tmut      7%         3d14      97%         5
 Lee's Rapid Deconstruct  Erth           7%         3d6*      97%         5
 Starburst                Conj/Fire      13%        6d6       99%         6
 Conjure Ball Lightning   Conj/Air       7%         3x3d6     100%        6
 Death Channel            Necr           7%         N/A       100%        6
 Statue Form              Tmut/Erth      9%         N/A       100%        6
 Orb of Destruction       Conj           7%         9d6       100%        7
 Ozocubu's Refrigeration  Ice            7%         4d9       100%        7
 Disjunction              Tloc           7%         N/A       100%        8
 Ignition                 Fire           20%        3d7       100%        8
 Shatter                  Erth           7%         3d9*      100%        9


Dungeon Overview and Level Annotations

Branches:
Dungeon (13/15)            Temple (1/1) D:6            Lair (5/5) D:9
 Shoals (0/4) Lair:2        Snake (0/4) Lair:2        Slime (0/5) Lair:5
    Orc (2/2) D:12            Elf (3/3) Orc:2        Vaults (0/5) D:13
  IceCv (visited)

Altars:
Ashenzari
Cheibriados
Dithmenos
Fedhas
Gozag
Hepliaklqana
Kikubaaqudgha
Makhleb
Nemelex Xobeh
Okawaru
Qazlal
Ru
Sif Muna
Trog
Uskayaw
Vehumet
Wu Jian
Xom
Yredelemnul
Jiyva
Lugonu

Shops:
D:2 *   D:4 :   D:11 :   D:12 ??(   D:13 :   Orc:2 :([[   Elf:3 *[=[

Portals:
Abyss: Lair:5


Innate Abilities, Weirdness & Mutations

You have claws for hands.
A meltable icy envelope protects you from harm. (AC +0)
You are mostly covered in sharp spines.
When seriously injured, your blood forms very thick armour. (AC +12)
A meltable shield of frost defends you. (SH +0)


Message History

The ghostly deep elf blademaster hits your guardian golem with a +3 short sword of holy wrath.
Your guardian golem disappears in a puff of smoke!
Your guardian golem explodes!
The fiery explosion engulfs the ghostly deep elf blademaster!!
The ghostly deep elf blademaster is burned terribly!
The fiery explosion engulfs you.
Your icy defences dissipate!
You resist.
* * * LOW HITPOINT WARNING * * *
You hear a shout!
Your magical contamination has completely faded away.
The ghostly deep elf blademaster is engulfed in blazing flames.
Something hits your cactus giant. Something hits your cactus giant!
Your cactus giant is destroyed!
Your cactus giant disappears in a puff of smoke!
The ghostly deep elf blademaster is engulfed in blazing flames.
Something barely misses your warg. x2
The ghostly deep elf blademaster is engulfed in blazing flames.
You barely miss the ghostly deep elf blademaster.
The ghostly deep elf blademaster is severely damaged.
The ghostly deep elf blademaster hits you but does no damage.
You block the ghostly deep elf blademaster's attack.
Something hits your ice beast!
Something completely misses your ice beast.
The ghostly deep elf blademaster misses you.
The ghostly deep elf blademaster hits you with a +3 short sword of holy wrath.
* * * LOW HITPOINT WARNING * * *
You convulse.
* * * LOW HITPOINT WARNING * * *
Your warg is engulfed in blazing flames.
Something hits your ice beast.
Casting: Summon Guardian Golem (safe; 1% risk of failure)
Confirm with . or Enter, or press ? or * to list all spells.
A chunk of your corpse armour falls away.
Something hits your ice beast!
The ghostly deep elf blademaster is struck by your spines.
The ghostly deep elf blademaster hits you with a +3 short sword of holy wrath!
* * * LOW HITPOINT WARNING * * *
You convulse!!
You die...

##.....## #####.#####.##.##
##.......## #.# ###.#.##
#.........# #.## ##.###
#.........# #..# #..#
####....♣....# #..###..#
...'.........# #...#...#
####.......ee# ####.###.####
##......Y#####.#.......#.#####
##.....#§h§e@...∩.∩.∩........
##'###+###.###C#.......#.####.
##.## #.#
##.#####.###.####.##. ##.##
#.# ##.###...#...# ##'.. ##.##
#.# ##.##..###..# ##... #.##
#.# ##'#..# #..# #.... '##
#####'##### #.#.## ##.###....
..# #.........# #.#.#
#.#.'.... ### #.........#
#.#.# #.#.#....


You could see a ghostly deep elf blademaster (ally target), a friendly cactus
giant (summoned), a friendly warg (summoned) and a friendly ice beast
(summoned).

Vanquished Creatures
  A shard shrike zombie (Abyss:4)
  A tentacled starspawn (Abyss:4)
  A quicksilver ooze (IceCv)
  3 deep elf death magi
  A deep elf high priest (Elf:3)
  3 hydras
  A boulder beetle (D:12)
  16 dancing weapons
  A two-headed ogre (D:13)
  A death yak (D:9)
  2 thrashing horrors
  2 skysharks (Lair:5)
  2 skeletal warriors (D:13)
  8 deep elf knights
  A goliath frog (shapeshifter) (Elf:1)
  7 deep elf archers
  A large abomination (Lair:5)
  An orc knight (Orc:2)
  18 deep elf pyromancers
  13 deep elf zephyrmancers
  A necromancer (D:13)
  3 orc sorcerers
  A cyclops (Orc:1)
  5 ugly things
  A worldbinder (Abyss:4)
  2 black mambas
  5 elephants
  An ice statue (IceCv)
  A smoke demon (Abyss:4)
  2 unseen horrors
  6 cane toads
  2 rime drakes
  5 komodo dragons
  3 polar bears
  2 trolls
  An ancient zyme (Abyss:4)
  A troll (shapeshifter) (Elf:2)
  6 dream sheep
  Grinder (D:3)
  9 blink frogs (Lair:5)
  An air elemental (Elf:2)
  5 slime creatures
  A water elemental (Elf:1)
  A wraith (D:12)
  2 shadows
  3 spriggans
  20 yaks
  A basilisk (shapeshifter) (Lair:5)
  2 fire elementals
  7 wyverns
  2 vampire mosquitoes (D:12)
  3 basilisks (Lair:5)
  3 chaos spawn (Lair:5)
  A steam dragon (D:7)
  A naga (Lair:2)
  11 water moccasins
  A water moccasin (shapeshifter) (Lair:5)
  An acid dragon (D:13)
  A floating eye (shapeshifter) (Elf:1)
  A spectral torpor snail (Lair:5)
  19 orc warriors
  A black bear (D:6)
  A sky beast (D:6)
  3 great orb of eyes simulacra (IceCv)
  8 ogres
  7 small abominations
  4 wolves
  2 centaurs
  A starcursed mass (Abyss:4)
  2 slime creature simulacra (IceCv)
  7 nameless horrors
  8 bullfrogs
  2 glowing shapeshifter simulacra (IceCv)
  2 gnoll sergeants
  3 earth elementals (Elf:1)
  A scorpion (D:7)
  6 wights
  2 gnoll boudas
  3 jellies
  12 orc priests
  2 hounds
  2 iguanas (D:6)
  10 orc wizards
  3 shapeshifter simulacra (IceCv)
  3 adders
  6 gnolls
  A shadow imp (D:7)
  2 white imps (Abyss:4)
  A worm (D:5)
  3 dart slugs
  55 orcs
  2 endoplasms (D:4)
  A giant cockroach (D:3)
  4 hobgoblins
  A jackal (D:1)
  2 quokkas
  A bat (D:1)
  A frilled lizard (D:2)
  4 kobolds
  3 rats
411 creatures vanquished.

Vanquished Creatures (collateral kills)
  Jorgrun (Elf:2)
  A deep elf blademaster (Elf:2)
  2 tentacled starspawn (Abyss:4)
  Roxanne (Elf:3)
  An azure jelly (IceCv)
  A deep elf elementalist (Elf:3)
  An orc warlord (Orc:2)
  A quicksilver ooze (IceCv)
  A deep elf demonologist (Elf:3)
  2 deep elf annihilators
  A deep elf death mage (Elf:3)
  Fannar (Lair:1)
  The ghost of ZoeForever1 the Grappler, a journeyman DrTm of Qazlal (D:12)
  A catoblepas (Lair:1)
  A hydra (D:13)
  2 boulder beetles
  17 dancing weapons
  2 two-headed ogres
  A thrashing horror (Lair:5)
  Sonja (D:12)
  A spectral catoblepas (Lair:5)
  10 deep elf knights
  A large abomination (Abyss:4)
  A spectral death yak (Lair:5)
  Amaemon (Lair:2)
  A wretched star (Abyss:4)
  The ghost of turdburglar the Martial Artist, a novice GnTm (D:8)
  3 skeletal warriors (D:13)
  The ghost of SirLogeyBear the Cleaver, a novice HOBe of Trog (D:6)
  11 deep elf pyromancers
  6 deep elf archers
  An orc sorcerer (Orc:2)
  11 deep elf zephyrmancers
  3 starcursed masses (Abyss:4)
  A necromancer (D:13)
  3 ugly things
  An oklob plant (Lair:1)
  A cyclops (D:9)
  An apocalypse crab (Abyss:4)
  9 elephants
  5 nameless horrors
  Maurice (D:9)
  A smoke demon (Lair:5)
  An ice statue (IceCv)
  An eye of devastation (Abyss:4)
  A cane toad (Lair:5)
  An orange demon (Lair:2)
  A komodo dragon (Lair:1)
  2 ancient zymes
  3 trolls
  2 wind drakes (shapeshifter)
  6 dream sheep
  8 blink frogs (Lair:5)
  4 slime creatures (IceCv)
  A spriggan (Lair:3)
  4 air elementals
  2 wraiths
  39 yaks
  A ynoxinul (Elf:2)
  2 fire elementals (Elf:1)
  2 water elementals
  Grum (D:11)
  A chaos spawn (Lair:5)
  Menkaure (D:5)
  A vampire mosquito (D:12)
  3 wargs (D:12)
  5 water moccasins
  6 small abominations
  2 hydra simulacra (Lair:5)
  An acid dragon (D:9)
  8 orc warriors
  A sky beast (Temple)
  A sky beast (shapeshifter) (Elf:1)
  A great orb of eyes simulacrum (IceCv)
  2 ogres
  A wolf (Lair:5)
  2 centaurs (D:12)
  2 slime creature simulacra (IceCv)
  3 kobold brigands
  3 bullfrogs
  A scorpion (D:6)
  2 glowing shapeshifter simulacra (IceCv)
  A gnoll sergeant (D:8)
  2 wights
  A howler monkey (D:9)
  A jelly (D:5)
  11 orc priests
  2 sleepcaps
  3 iguanas
  17 orc wizards
  2 shapeshifter simulacra (IceCv)
  18 gnolls
  4 adders
  4 worms
  3 dart slugs
  49 orcs
  2 bats
  2 endoplasms (D:2)
  A giant cockroach (D:1)
  3 goblins
  3 hobgoblins
  2 jackals (D:1)
  2 quokkas (D:2)
  A ball python (D:4)
  2 frilled lizards
  7 kobolds
  6 rats
393 creatures vanquished.

Vanquished Creatures (others)
  An azure jelly (IceCv)
  The ghost of diecastcamel the Warrior, a journeyman MfGl of Hepliaklqana (Lair:5)
  Erica (D:11)
  A two-headed ogre (D:9)
  2 death yaks (D:9)
  Urug (D:11)
  2 deep elf knights
  A flayed ghost (Abyss:4)
  A slime creature (D:13)
  A deep elf archer (Elf:1)
  A water elemental (Elf:1)
  4 yaks
  A death yak simulacrum (Lair:5)
  An orc (D:9)
  7 starspawn tentacles (Abyss:4)
26 creatures vanquished.

Grand Total: 830 creatures vanquished

Notes
Turn   | Place    | Note
-------+----------+-------------------------------------------
     0 | D:1      | javelincjr the Demonspawn Summoner began the quest for the
                  | Orb.
     0 | D:1      | Reached XP level 1. HP: 13/13 MP: 3/3
   340 | D:1      | Gained mutation: You have sharp fingernails. [demonic
                  | ancestry]
   340 | D:1      | Reached XP level 2. HP: 10/20 MP: 0/5
   343 | D:1      | Learned a level 2 spell: Call Imp
   523 | D:1      | Upgraded the game from 0.30.1 to 0.30.1-1-g62c8e00024
  1126 | D:2      | Found Ozxyasm's General Store.
  1344 | D:2      | Reached XP level 3. HP: 25/25 MP: 1/6
  1614 | D:2      | Found a faded altar of an unknown god.
  1625 | D:2      | Learned a level 3 spell: Call Canine Familiar
  1650 | D:2      | Reached skill level 1 in Fighting
  1978 | D:3      | Gained mutation: When seriously injured, your blood forms
                  | armour. (AC +12) [demonic ancestry]
  1978 | D:3      | Reached XP level 4. HP: 32/32 MP: 1/8
  3100 | D:3      | Gained mutation: A meltable shield of frost defends you.
                  | (SH +0) [demonic ancestry]
  3100 | D:3      | Reached XP level 5. HP: 37/37 MP: 9/9
  3125 | D:3      | Noticed Grinder
  3149 | D:3      | Killed Grinder
  3150 | D:3      | Reached skill level 5 in Summonings
  3150 | D:3      | Reached XP level 6. HP: 40/44 MP: 4/11
  4008 | D:4      | Found Qumiq's Book Shop.
  4020 | D:4      | Noticed a wyvern
  4031 | D:4      | Killed a wyvern
  4032 | D:4      | Reached XP level 7. HP: 18/51 MP: 3/13
  4699 | D:5      | Entered Level 5 of the Dungeon
  4781 | D:5      | Found a shadowy altar of Dithmenos.
  4783 | D:5      | Found a blossoming altar of Fedhas.
  4783 | D:5      | Found a hazy altar of Hepliaklqana.
  4820 | D:5      | Reached skill level 6 in Summonings
  5352 | D:5      | Gained mutation: A meltable icy envelope protects you from
                  | harm. (AC +0) [demonic ancestry]
  5352 | D:5      | Reached XP level 8. HP: 47/58 MP: 10/15
  5369 | D:5      | Reached skill level 5 in Spellcasting
  5474 | D:5      | Found a bloodstained altar of Trog.
  5545 | D:5      | Noticed Menkaure
  5557 | D:5      | Killed Menkaure
  5853 | D:5      | Found a burning altar of Makhleb.
  6179 | D:6      | Identified the +9 trident "Memu" {heavy, rF++ rC++ Will-}
  6219 | D:6      | Found a staircase to the Ecumenical Temple.
  6231 | Temple   | Entered the Ecumenical Temple
  6369 | Temple   | Became a worshipper of Sif Muna the Loreminder
  6456 | D:6      | Reached skill level 1 in Polearms
  6528 | D:6      | Reached skill level 7 in Summonings
  6562 | D:6      | Found a runed translucent door.
  6562 | D:6      | Found a shimmering altar of Xom.
  6562 | D:6      | Noticed SirLogeyBear's ghost (novice HOBe)
  6563 | D:6      | Noticed a +1 mace of chaos
  6915 | D:6      | Gained mutation: You are partially covered in sharp spines.
                  | [demonic ancestry]
  6915 | D:6      | Reached XP level 9. HP: 58/65 MP: 17/17
  7291 | D:7      | Reached skill level 1 in Invocations
  7400 | D:7      | Reached * piety under Sif Muna
  7528 | D:7      | Identified the +3 leather armour "Hurrugis" {rCorr Str-4
                  | Int+8}
  8088 | D:7      | Reached skill level 5 in Stealth
  8088 | D:7      | Reached skill level 8 in Summonings
  8146 | D:7      | Learned a level 4 spell: Summon Lightning Spire
  8468 | D:8      | Found a transporter.
  8471 | D:8      | Found a transporter.
  8471 | D:8      | Noticed turdburglar's ghost (novice GnTm)
  8691 | D:8      | Reached ** piety under Sif Muna
  8692 | D:8      | Gained mutation: When seriously injured, your blood forms
                  | thick armour. (AC +12) [demonic ancestry]
  8692 | D:8      | Reached XP level 10. HP: 67/73 MP: 14/20
  9085 | D:8      | Reached skill level 5 in Fighting
  9259 | D:8      | Reached skill level 5 in Dodging
  9404 | D:8      | Killed turdburglar's ghost
  9634 | D:9      | Noticed a death yak
  9642 | D:9      | Noticed a death yak
  9643 | D:9      | Noticed a death yak
  9790 | D:9      | Learned a level 3 spell: Summon Guardian Golem
  9802 | D:9      | Killed a death yak
  9803 | D:9      | Reached skill level 5 in Polearms
  9805 | D:9      | Killed a death yak
  9806 | D:9      | Reached skill level 9 in Summonings
  9806 | D:9      | Killed a death yak
  9873 | D:9      | Found a staircase to the Lair.
 10426 | D:9      | Found a transporter.
 10433 | D:9      | Found a transporter.
 10433 | D:9      | Noticed a two-headed ogre
 10434 | D:9      | Noticed a cyclops
 10491 | D:9      | Noticed Maurice
 10508 | D:9      | Killed Maurice
 10509 | D:9      | Gained mutation: You have very sharp fingernails. [demonic
                  | ancestry]
 10509 | D:9      | Reached XP level 11. HP: 81/81 MP: 9/22
 10644 | D:9      | Reached skill level 5 in Invocations
 10647 | D:9      | Reached *** piety under Sif Muna
 11035 | D:6      | HP: 3/81 [+1 mace of chaos (15)]
 11043 | D:6      | Killed SirLogeyBear's ghost
 11044 | D:6      | Killed a +1 mace of chaos
 11045 | D:6      | Reached skill level 1 in Armour
 11045 | D:6      | Reached skill level 1 in Shields
 11340 | D:9      | Killed a two-headed ogre
 11431 | D:9      | Identified the +2 pair of boots "Xuure" {Will+ Str+8}
 11554 | D:10     | Entered Level 10 of the Dungeon
 11595 | D:10     | Identified the +4 falchion "Myfell" {elec, rPois Str-5
                  | Int+4 Dex+3}
 12093 | D:10     | Reached skill level 10 in Summonings
 12125 | D:10     | Reached **** piety under Sif Muna
 12397 | D:11     | Noticed a purple ugly thing
 12401 | D:11     | Killed a purple ugly thing
 12605 | D:11     | Noticed Urug
 12616 | D:11     | Killed Urug
 12617 | D:11     | Gained mutation: When seriously injured, your blood forms
                  | very thick armour. (AC +12) [demonic ancestry]
 12617 | D:11     | Reached XP level 12. HP: 74/89 MP: 12/24
 12747 | D:11     | Noticed Grum
 12766 | D:11     | Killed Grum
 12830 | D:11     | Found Kulop's Tiny Tomes.
 12839 | D:11     | Noticed Erica
 12863 | D:11     | Killed Erica
 13296 | D:12     | Noticed Sonja
 13310 | D:12     | Killed Sonja
 13398 | D:12     | Found Biazoyr's Magic Scroll Shoppe.
 13567 | D:12     | Found a staircase to the Orcish Mines.
 13567 | D:12     | Noticed a boulder beetle
 13585 | D:12     | Killed a boulder beetle
 13730 | D:12     | Found Odwecset's Distillery.
 13945 | D:12     | Noticed a boulder beetle
 13956 | D:12     | Killed a boulder beetle
 14089 | D:12     | Noticed a two-headed ogre
 14102 | D:12     | Killed a two-headed ogre
 14149 | D:12     | Found Edykimatz's Magic Scroll Emporium.
 14201 | D:12     | Noticed ZoeForever1's ghost (journeyman DrTm)
 14202 | D:12     | Found a runed translucent door.
 14218 | D:12     | Killed ZoeForever1's ghost
 14393 | D:12     | Found Vofushal's Weapon Boutique.
 14527 | D:13     | Found Hexacsup's Book Boutique.
 14546 | D:13     | Learned a level 4 spell: Sticky Flame
 14733 | D:13     | Reached skill level 11 in Summonings
 14809 | D:13     | Noticed an eight-headed hydra
 14818 | D:13     | Killed an eight-headed hydra
 14897 | D:13     | Reached ***** piety under Sif Muna
 15159 | D:13     | Reached XP level 13. HP: 34/96 MP: 2/26
 15713 | D:13     | Found a portal to a secret trove of treasure.
 15727 | Trove    | Entered a treasure trove
 15783 | Trove    | Identified the amulet of the Will of the Gods {Regen+
                  | Str+5}
 15785 | Trove    | Identified the amulet of the King {Rampage rC+++ rN++
                  | Regen+ Dex-2}
 15788 | Trove    | Identified the amulet of Scepticism {Spirit Harm}
 15812 | Trove    | Got Sif Muna's Anthology of Necrotic Pyromania
 15816 | Trove    | Got Sif Muna's Incunable of Clouds and Transfiguration
 15818 | Trove    | Got Sif Muna's Notes on the Vehement Boggart
 15972 | D:13     | Learned a level 6 spell: Summon Cactus Giant
 16039 | D:13     | Found a gate to the Vaults.
 16208 | Lair:1   | Entered Level 1 of the Lair of Beasts
 16411 | Lair:1   | Noticed Fannar
 16425 | Lair:1   | Killed Fannar
 16901 | Lair:1   | Reached skill level 10 in Spellcasting
 17164 | Lair:1   | Found a blossoming altar of Fedhas.
 17218 | Lair:1   | Reached skill level 1 in Fire Magic
 17742 | Lair:2   | Found a staircase to the Snake Pit.
 17892 | Lair:2   | Noticed Amaemon
 17902 | Lair:2   | Killed Amaemon
 18237 | Lair:2   | Found a staircase to the Shoals.
 18962 | Lair:3   | Learned a level 2 spell: Scorch
 19561 | Lair:4   | Reached skill level 12 in Summonings
 19829 | Lair:4   | Gained mutation: You have claws for hands. [demonic
                  | ancestry]
 19829 | Lair:4   | Reached XP level 14. HP: 85/104 MP: 28/28
 20014 | Lair:4   | Found the +4 Cigotuvi's embrace {Corpsefed rMiasma Drain
                  | rN+}
 20818 | Lair:5   | Entered Level 5 of the Lair of Beasts
 20910 | Lair:5   | Reached skill level 5 in Shields
 20928 | Lair:5   | Reached skill level 5 in Armour
 20940 | Lair:5   | Found a frozen archway.
 20980 | IceCv    | Entered an ice cave
 21231 | IceCv    | Noticed a quicksilver ooze
 21244 | IceCv    | Killed a quicksilver ooze
 21498 | IceCv    | Noticed a quicksilver ooze
 21505 | IceCv    | Killed a quicksilver ooze
 21675 | IceCv    | Found a viscous altar of Jiyva.
 21675 | IceCv    | Noticed an azure jelly
 21686 | IceCv    | Killed an azure jelly
 21691 | IceCv    | Noticed an azure jelly
 21699 | IceCv    | Killed an azure jelly
 21714 | IceCv    | Got the ring "Suguuheg" {rElec rC+}
 21717 | IceCv    | Identified the +2 leather armour of Wifuton {rPois Str+2
                  | Int+2}
 21882 | Lair:5   | Found a runed translucent gate.
 21882 | Lair:5   | Found a runed translucent gate.
 21883 | Lair:5   | Found a runed translucent gate.
 22216 | Lair:5   | Noticed diecastcamel's ghost (journeyman MfGl)
 22239 | Lair:5   | Killed diecastcamel's ghost
 22601 | Lair:5   | Received a gift from Sif Muna
 22605 | Lair:5   | Identified a scroll of acquirement
 22605 | Lair:5   | Acquired the Excursus on Lethal Locality
 22612 | Lair:5   | Learned a level 2 spell: Blink
 22617 | Lair:5   | Learned a level 4 spell: Summon Ice Beast
 22701 | Lair:5   | Reached skill level 10 in Polearms
 22898 | Lair:5   | Found a corrupted altar of Lugonu.
 22898 | Lair:5   | Found a one-way gate to the infinite horrors of the Abyss.
 22903 | Lair:5   | Identified the +1 chain mail "Faffumn" {rPois Will- rCorr}
 22960 | Lair:5   | Gained mutation: You are mostly covered in sharp spines.
                  | [demonic ancestry]
 22960 | Lair:5   | Reached XP level 15. HP: 112/112 MP: 30/30
 23133 | Lair:5   | Found a viscous altar of Jiyva.
 23134 | Lair:5   | Found a staircase to the Slime Pits.
 23458 | Orc:1    | Entered Level 1 of the Orcish Mines
 23646 | Orc:1    | Paralysed by an orc sorcerer for 3 turns
 23875 | Orc:2    | Entered Level 2 of the Orcish Mines
 23885 | Orc:2    | Found a staircase to the Elven Halls.
 24112 | Orc:2    | Found Kuakkite's Armour Emporium.
 24153 | Orc:2    | Reached skill level 10 in Invocations
 24499 | Orc:2    | Reached skill level 13 in Summonings
 24505 | Orc:2    | Found Guost's Book Shoppe.
 24751 | Orc:2    | Received a gift from Sif Muna
 24963 | Orc:2    | Found Bademeq's Antique Armour Boutique.
 24965 | Orc:2    | Found Viyppe's Antique Weapon Shop.
 24972 | Orc:2    | Bought a crude leather armour for 189 gold pieces
 24972 | Orc:2    | Identified the +1 leather armour "Rumeixzaoh" {Harm rCorr
                  | Int+2 Slay+6} (You bought it in a shop on level 2 of the
                  | Orcish Mines)
 25190 | Elf:1    | Entered Level 1 of the Elven Halls
 25655 | Elf:1    | Paralysed by an air elemental for 1 turns
 25701 | Elf:1    | Identified the +9 morningstar of the Warrior {holy, rN+
                  | Str+3}
 26120 | Elf:1    | Identified the +3 trident "Nekhov" {heavy, rF+++ rN+
                  | Stlth-}
 26207 | Elf:1    | Identified the +4 robe of Marbles {Harm Fly rN+ Int+2
                  | Slay-5}
 26219 | Elf:1    | Paralysed by an air elemental for 1 turns
 26343 | Elf:1    | Identified the staff of cold "Zummou Yqear" {rF+ rC+ Int+2
                  | Dex+4}
 27492 | Elf:2    | Identified the +6 spear of Lamo {flame, +Blink Fly rF+
                  | Will+ Dex-2}
 27683 | Elf:2    | Received a gift from Sif Muna
 27714 | Elf:2    | Got Sif Muna's Volume of Summoned Hurting {god gift}
 27738 | Elf:2    | Reached XP level 16. HP: 120/120 MP: 14/32
 27763 | Elf:2    | Reached skill level 5 in Fire Magic
 27907 | Elf:2    | Noticed Jorgrun
 27932 | Elf:2    | Killed Jorgrun
 28054 | Elf:2    | Paralysed by an air elemental for 1 turns
 28112 | Elf:2    | Paralysed by an air elemental for 1 turns
 28351 | Elf:2    | Paralysed by an air elemental for 1 turns
 28861 | Elf:2    | Found a huge runed translucent gate.
 28861 | Elf:2    | Found a huge runed translucent gate.
 28861 | Elf:2    | Found a huge runed translucent gate.
 28863 | Elf:2    | Found a huge runed translucent gate.
 28864 | Elf:2    | Found a huge runed translucent gate.
 29303 | Elf:2    | Reached skill level 14 in Summonings
 29689 | Elf:2    | Noticed a deep elf blademaster
 29705 | Elf:2    | Killed a deep elf blademaster
 29810 | Abyss:3  | Cast into level 3 of the Abyss (+0 bardiche of distortion)
 29848 | Abyss:3  | Noticed a profane servitor
 29917 | Abyss:4  | Found a corrupted altar of Lugonu.
 29925 | Abyss:4  | Noticed a tentacled starspawn
 29930 | Abyss:4  | Noticed a tentacled starspawn
 29934 | Abyss:4  | Found a corrupted altar of Lugonu.
 29935 | Abyss:4  | Killed a tentacled starspawn
 29945 | Abyss:4  | Killed a tentacled starspawn
 30076 | Abyss:4  | Noticed a tentacled starspawn
 30094 | Abyss:4  | Killed a tentacled starspawn
 30107 | Elf:2    | Escaped the Abyss
 30486 | Elf:3    | Entered Level 3 of the Elven Halls
 30548 | Elf:3    | Found Jar Ezefi's Armour Boutique.
 30550 | Elf:3    | Found Penuolyli's Jewellery Shop.
 30552 | Elf:3    | Found Cenoiss's Armour Boutique.
 30615 | Elf:3    | Identified Roxanne's Omnibus of Grit
 30615 | Elf:3    | Noticed Roxanne
 30647 | Elf:3    | Killed Roxanne
 30650 | Elf:3    | Found Puaran's Assorted Antiques.
 30781 | Elf:3    | Reached XP level 17. HP: 127/127 MP: 20/33
 31398 | Elf:3    | Identified the amulet "Zufukimn" {Faith *Corrode rPois
                  | Int+2}
 31413 | Elf:3    | Identified the +1 ice dragon scales of Leapfrog {rPois rF-
                  | rC++ Dex-3 Stlth+}
 31413 | Elf:3    | Noticed a deep elf blademaster
 31451 | Elf:3    | Killed a deep elf blademaster
 31458 | Elf:3    | Mangled by a ghostly deep elf blademaster

Illustrated notes

Levels and vault maps discovered:
D:1:      eino_arrival_cavern_c, layout_basic, grunt_decor_arrowhead,
          minmay_misc_feat_five, minmay_tetromino_t4
D:2:      layout_basic, serial_shops, nicolae_shop_waterfront,
          shapermc_ecumenical_altar_mp_highgroup
D:3:      layout_basic, uniq_grinder
D:4:      layout_basic, serial_shops, shop
D:5:      layout_cave_pods, grunt_temple_overflow_open,
          hangedman_feature_mirror, uniq_menkaure
D:6:      layout_basic, minmay_temple_entry_overgrown, ebering_ghost_xom
D:7:      layout_gridville
D:8:      layout_loops_cross, gammafunk_ghost_arena
D:9:      gammafunk_beogh_shrine, layout_stronghold, dpeg_lair_monsters,
          uniq_maurice
D:10:     layout_rooms, nicolae_nh_ransacked_shop
D:11:     layout_basic, nicolae_shop_i_like_small_books_too, uniq_grum,
          uniq_urug, uniq_erica
D:12:     layout_rooms, minmay_orc_entry_guard_dogs, gammafunk_ghost_grave,
          serial_shops, shop, shop, nicolae_stop_n_shop_2, shop,
          lemuel_flamethrower_1, uniq_sonja
D:13:     layout_irregular_city, david_vaults_1, serial_shops,
          nicolae_shop_trees, enter_trove_3
Temple:   nicolae_temple_two_arcs
Lair:1:   layout_loops_ring, tgw_fedhas, uniq_fannar
Lair:2:   layout_loops_ring, elwin_shoals_entry_rocks,
          guppyfry_snake_entry_island, uniq_amaemon
Lair:3:   layout_regular_city, wad_woods_02
Lair:4:   layout_layer_cave
Lair:5:   hellmonk_lair_end_abyssal_woods, layout_regular_city,
          dpeg_slime_entry_enclosed, gammafunk_ghost_necromancy,
          portal_ice_cave_entry_pillars_1, nicolae_lair_grove_arrangements
Orc:1:    layout_caves
Orc:2:    grunt_orc_community_town_hall, layout_diamond_mine,
          grunt_orc_community_big_house_2, grunt_orc_community_big_house_1,
          grunt_orc_community_house_1, grunt_orc_community_house_3,
          grunt_orc_community_house_3, grunt_orc_community_house_1,
          grunt_orc_community_house_2, grunt_orc_community_house_2
Elf:1:    minmay_the_grid_octo_tiled_octocenter_mashed
          [minmay_the_grid_octo_concentric, minmay_the_grid_octo_77,
          minmay_the_grid_octo_vomiting_pacman, minmay_the_grid_octo_checkered,
          minmay_the_grid_octo_prize_star,
          minmay_the_grid_square_5x5_beaten_path,
          minmay_the_grid_square_5x5_gyroscope,
          minmay_the_grid_square_5x5_three,
          minmay_the_grid_square_5x5_two_walls_a], layout_loops_cross,
          evilmike_minifort
Elf:2:    elven_hall_of_blades_hangedman_alternative
          [nicolae_blade_entry_floor_patterns], layout_loops_corners,
          uniq_jorgrun
Elf:3:    minmay_elf_hall_curves, layout_geoelf_octagon, serial_shops,
          nicolae_shop_statue_plus, minmay_shop_star, uniq_roxanne

Skill      XL: |  1  2  3  4  5  6  7  8  9 10 11 12 13 14 15 16 17 |
---------------+----------------------------------------------------+-----
Dodging        | 2 3 4 5 6 7 8 9 |  9.4
Stealth        | 2 3 4 5 |  5.9
Fighting       | 1 2 3 4 5 6 7 8 9 |  9.9
Spellcasting   | 3 4 5 6 7 8 9 10 11 12 13 | 13.0
Summonings     | 5 6 7 8 9 10 11 12 13 14 | 14.5
Polearms       | 2 4 5 6 8 9 10 11 | 11.9
Invocations    | 3 4 6 7 8 9 10 11 | 11.9
Armour         | 2 3 4 5 6 7 |  7.4
Shields        | 2 3 4 5 6 7 |  7.3
Fire Magic     | 2 3 4 5 6 |  6.1

Action                     |  1- 3 |  4- 6 |  7- 9 | 10-12 | 13-15 | 16-18 || total
---------------------------+-------+-------+-------+-------+-------+-------++-------
  Melee: Unarmed           |    33 |       |       |       |       |       ||    33
         Punch             |     1 |       |     2 |     1 |       |       ||     4
         Spear             |    61 |    22 |       |       |       |       ||    83
         Dagger            |       |    47 |    58 |       |       |       ||   105
         Trident           |       |     6 |   107 |   193 |   807 |   252 ||  1365
   Cast: Summon Small Mamm |    38 |     4 |     7 |     3 |       |       ||    52
         Call Imp          |    15 |    11 |    30 |    52 |    47 |    21 ||   176
         Call Canine Famil |     2 |     9 |    35 |    55 |    68 |    44 ||   213
         Summon Lightning  |       |       |     2 |    45 |    42 |     9 ||    98
         Summon Guardian G |       |       |       |    27 |    12 |     4 ||    43
         Summon Cactus Gia |       |       |       |       |    83 |    64 ||   147
         Summon Ice Beast  |       |       |       |       |    19 |    20 ||    39
         Scorch            |       |       |       |       |     3 |    20 ||    23
         Blink             |       |       |       |       |     1 |     3 ||     4
         Sticky Flame      |       |       |       |       |       |     1 ||     1
 Invoke: Channel Magic     |       |       |       |     1 |     2 |     7 ||    10
    Use: Scroll            |       |       |     4 |     7 |    20 |       ||    31
         Potion            |       |       |       |     3 |     3 |     2 ||     8
   Stab: Sleeping          |     2 |     2 |    11 |     4 |    15 |       ||    34
         Distracted        |       |     1 |     3 |     8 |    17 |     6 ||    35
 Armour: Robe              |    15 |    21 |    61 |       |       |       ||    97
         Leather armour    |       |       |     3 |    61 |   254 |   110 ||   428
  Dodge: Dodged            |    62 |    29 |    95 |   105 |   367 |   188 ||   846
  Block: Other             |       |     4 |    17 |    30 |     4 |       ||    55
         Kite shield       |       |       |       |       |   547 |   205 ||   752
